 Dungeon Crawl Stone Soup version 0.26-a0-712-ga5a9c9c9d0 (webtiles) character file.

Game seed: 3239354811598242066

58448 tilp the Unseen (level 14, -3/77 HPs)
             Began as a Spriggan Enchanter on Nov 1, 2020.
             Was the Champion of Dithmenos.
             Slain by a wolf (4 damage)
             ... on level 5 of the Lair of Beasts.
             The game lasted 00:47:11 (22230 turns).

tilp the Unseen (Spriggan Enchanter)               Turns: 22230, Time: 00:47:11

Health: -3/77      AC:  4    Str:  4    XL:     14   Next: 49%
Magic:  18/24      EV: 30    Int: 24    God:    Dithmenos [******]
Gold:   1268       SH:  9    Dex: 16    Spells: 0/25 levels left

rFire    + . .     SeeInvis +   a - +7 dagger (flame)
rCold    . . .     Faith    .   W - +2 buckler
rNeg     + . .     Spirit   .   R - +2 robe {rF+}
rPois    +         Reflect  .   A - +0 hat "Anecel" {Rampage rN+ Int+2}
rElec    .         Harm     .   (no cloak)
rCorr    .         Rampage  +   (gloves unavailable)
MR       +++..                  (boots unavailable)
Stlth    ++++++++++             I - amulet of magic regeneration
HPRegen  0.22/turn              L - ring of protection from magic
MPRegen  0.44/turn              Y - ring of poison resistance

@: very slightly contaminated, wreathed by umbra, very quick
A: very small, unfitting armour, see invisible, speed 3
a: Shadow Step, Shadow Form, Renounce Religion


You were on level 5 of the Lair of Beasts.
You worshipped Dithmenos.
Dithmenos was exalted by your worship.
You visited 2 branches of the dungeon, and saw 17 of its levels.
You also visited: Sewer, Bailey and Gauntlet.

You collected 1268 gold pieces.

Inventory:

Hand Weapons
 a - a +7 dagger of flaming (weapon)
Missiles
 p - 52 poisoned darts (quivered)
 F - 7 curare-tipped darts
Armour
 l - a +2 robe of cold resistance
 A - the +0 hat "Anecel" (worn) {Rampage rN+ Int+2}
   (You acquired it in a bailey)

   It affects your intelligence (+2).
   It protects you from negative energy.
   It bestows one free step when moving towards enemies.
 R - a +2 robe of fire resistance (worn)
 U - the +2 robe of Qoitiareeh {Regen+ rCorr Str-4}
   (You found it on level 2 of the Lair of Beasts)

   It affects your strength (-4).
   It increases your rate of regeneration.
   It provides partial protection from all sources of acid and corrosion.
 W - a +2 buckler (worn)
Magical Staves
 M - an uncursed staff of earth
Jewellery
 q - a +6 ring of dexterity
 I - an amulet of magic regeneration (around neck)
 L - a ring of protection from magic (left hand)
 P - an uncursed ring of protection from fire
 Y - a ring of poison resistance (right hand)
Wands
 g - a wand of digging (15)
 k - a wand of polymorph (11)
 t - a wand of flame (61)
 y - a wand of acid (21)
 C - a wand of enslavement (22)
 D - a wand of paralysis (13)
 Q - a wand of disintegration (7)
Scrolls
 c - 6 scrolls of remove curse
 d - 5 scrolls of blinking
 f - 9 scrolls of teleportation
 h - 3 scrolls of fog
 j - 2 scrolls of fear
 n - 3 scrolls of immolation
 s - 6 scrolls of amnesia
 u - 4 scrolls of enchant armour
 v - a scroll of holy word
 H - a scroll of summoning
 K - 2 scrolls of torment
 S - a scroll of identify
 Z - a scroll of silence
Potions
 e - 5 potions of cancellation
 i - 3 potions of mutation
 m - 4 potions of stabbing
 o - 3 potions of flight
 r - 2 potions of ambrosia
 w - 3 potions of haste
 x - 6 potions of might
 z - 7 potions of curing
 B - 2 potions of heal wounds
 G - 2 potions of magic
 N - 2 potions of lignification
 O - a potion of invisibility
 V - 3 potions of brilliance
Miscellaneous
 J - a lightning rod (4/4)
 T - a phial of floods
 X - a tin of tremorstones (3/3)


   Skills:
 - Level 10.0 Fighting
 - Level 10.0 Short Blades
 - Level 15.0 Dodging
 - Level 16.0 Stealth
 - Level 4.0 Shields
 - Level 6.0 Spellcasting
 - Level 4.0 Conjurations
 + Level 11.3 Hexes
 - Level 4.0 Translocations
 - Level 4.0 Invocations
 - Level 8.0 Evocations


You couldn't memorise any spells.
You knew the following spells:

 Your Spells              Type           Power        Failure   Level
a - Corona                Hex            ######.      1%          1
b - Ensorcelled Hibernat  Hex/Ice        ####..       1%          2
c - Confusing Touch       Hex            ######..     1%          3
d - Tukima's Dance        Hex            ######..     1%          3
e - Dazzling Flash        Conj/Hex       #####.       1%          3
f - Slow                  Hex            ######..     1%          2
g - Blink                 Tloc           N/A          2%          2
h - Magic Dart            Conj           ####         1%          1
i - Mephitic Cloud        Conj/Pois/Air  ##......     17%         3
j - Apportation           Tloc           ####..       1%          1
k - Passage of Golubria   Tloc           N/A          19%         4

Your spell library contained the following spells:

 Spells                   Type           Power        Failure   Level
 Portal Projectile        Hex/Tloc       #####.       1%          3
 Summon Guardian Golem    Hex/Summ       ####....     2%          3
 Gell's Gravitas          Tloc           ####......   5%          3
 Teleport Other           Tloc           ####....     5%          3
 Animate Skeleton         Necr           #.....       10%         1
 Summon Small Mammal      Summ           #...         10%         1
 Conjure Flame            Conj/Fire      ###.....     13%         3
 Call Imp                 Summ           #.......     14%         2
 Summon Mana Viper        Hex/Summ       ####....     26%         5
 Dispersal                Tloc           ####......   96%         6
 Malign Gateway           Summ/Tloc      ###.......   100%        7
 Summon Hydra             Summ           #.........   100%        7
 Disjunction              Tloc           ####......   100%        8


Dungeon Overview and Level Annotations

Branches:
Dungeon (11/15)            Temple (0/1) D:5            Lair (6/6) D:9
  Swamp (0/4) Lair:4        Snake (0/4) Lair:2        Slime (0/5) Lair:6
    Orc (0/2) D:9           Sewer (visited)          Bailey (visited)
Gauntlet (visited)

Altars:
Cheibriados
Dithmenos
Kikubaaqudgha
Okawaru
Qazlal
Ru
Trog
Uskayaw
Yredelemnul
The Shining One
Jiyva

Shops:
D:4 [   D:7 (

Portals:
Abyss: Lair:5

Annotations:
D:7 cold vault
D:8 1 runed translucent door, emiel's ghost, journeyman HuTm
Lair:5 2 transporters, raph's ghost, journeyman TrBe


Innate Abilities, Weirdness & Mutations

You are very small and have problems with some larger weapons.
You are too small for most types of armour.
You have supernaturally acute eyesight. (SInv)
You cover ground extremely quickly.


Message History

Confirm with . or Enter, or press ? or * to list all spells.
You miscast Blink.
You are very lightly contaminated with residual magic.
Nothing appears to happen.
The wolf bites you!
* * * LOW HITPOINT WARNING * * *
You emit a cloud of dark smoke.
The wolf completely misses you. You block the wolf's attack.
The wolf completely misses you. The wolf closely misses you. x2
Casting: Blink (safe; 2% risk of failure)
Confirm with . or Enter, or press ? or * to list all spells.
You miscast Blink.
Nothing appears to happen.
The wolf bites you.
* * * LOW HITPOINT WARNING * * *
The wolf completely misses you. You block the wolf's attack. x2
The wolf closely misses you. The wolf misses you.
Unknown command.
Casting: Blink (safe; 2% risk of failure)
Confirm with . or Enter, or press ? or * to list all spells.
You blink.
You block the wolf's attack. The wolf completely misses you.
The wolf bites you.
You die...

#...............#.......
#.............####......
#.............#.........
#..............#.#......
#P........).............
#P...............<......
#..............##.......
##......h.§§..####......
##.....@h§§§...# #......
#P.....hh§§§...# #......
#.......§§§....# #...#.#
##......§......# #..####
#..#P.........###..####
##########....#.#....##
### ##...#........ ###.#
#....(........ #..#####
#..<..........


You could see 4 wolves.

Vanquished Creatures
  Rupert (Lair:5)
  An orc warlord (Bailey)
  A minotaur (Gauntlet)
  4 hydras
  A boulder beetle (D:11)
  A two-headed ogre (D:9)
  3 catoblepae
  4 death yaks (Lair:2)
  Pikel (D:8)
  2 orc knights (Bailey)
  An ugly thing (D:9)
  A worldbinder (Gauntlet)
  A centaur zombie (D:10)
  9 elephants
  3 black mambas
  8 cane toads
  Psyche (D:9)
  A gargoyle (D:10)
  5 komodo dragons
  11 rime drakes
  2 trolls
  4 polar bears
  A hornet (Lair:5)
  18 blink frogs
  Sigmund (D:2)
  5 flying skulls (Gauntlet)
  42 yaks
  7 wyverns
  8 basilisks
  A wraith (D:11)
  A steam dragon (Lair:4)
  3 nagas (Lair:2)
  Edmund (D:6)
  12 water moccasins
  4 black bears
  An ice beast (D:11)
  3 sky beasts
  19 orc warriors
  A swamp drake (Lair:4)
  3 ogres
  2 boggarts (Gauntlet)
  A necrophage (D:10)
  6 centaurs
  31 wolves
  A lemure (D:8)
  13 bullfrogs
  A wyvern zombie (D:11)
  A water moccasin skeleton (D:6)
  5 scorpions
  11 killer bees
  10 wights
  3 howler monkeys (D:11)
  2 quasits
  3 bullfrog zombies
  4 jellies
  8 orc priests
  5 hounds
  8 orc wizards
  3 bullfrog skeletons
  2 centaur skeletons
  Jessica (D:2)
  An iguana (Lair:4)
  5 hell rats
  8 worker ants
  A killer bee zombie (D:8)
  A hound zombie (D:6)
  2 worker ant zombies
  14 gnolls
  10 adders
  6 white imps
  3 ufetubi
  4 oozes
  An adder zombie (D:6)
  5 worms (D:2)
  A dart slug (D:5)
  3 leopard geckos
  55 orcs
  2 ball pythons (D:5)
  6 giant cockroaches
  25 goblins
  28 hobgoblins
  15 jackals
  6 quokkas
  10 bats
  6 frilled lizards
  10 kobolds
  A leopard gecko skeleton (D:8)
  A quokka zombie (D:9)
  9 rats
557 creatures vanquished.

Vanquished Creatures (others)
  30 fungi
  30 plants
60 creatures vanquished.

Grand Total: 617 creatures vanquished

Notes
Turn   | Place    | Note
-------+----------+-------------------------------------------
     0 | D:1      | tilp the Spriggan Enchanter began the quest for the Orb.
     0 | D:1      | Reached XP level 1. HP: 9/9 MP: 5/5
   372 | D:1      | Reached XP level 2. HP: 12/13 MP: 6/6
   376 | D:1      | Learned a level 2 spell: Ensorcelled Hibernation
   457 | D:1      | Reached skill level 5 in Stealth
  1402 | D:2      | Noticed Jessica
  1407 | D:2      | Killed Jessica
  1407 | D:2      | Reached skill level 6 in Stealth
  1407 | D:2      | Reached XP level 3. HP: 16/16 MP: 8/8
  1878 | D:2      | Reached XP level 4. HP: 19/21 MP: 3/9
  1987 | D:2      | Learned a level 3 spell: Confusing Touch
  2623 | D:2      | Reached skill level 7 in Stealth
  2764 | D:2      | Reached XP level 5. HP: 24/24 MP: 10/10
  2951 | D:2      | Noticed Sigmund
  2958 | D:2      | Killed Sigmund
  2958 | D:2      | Reached skill level 5 in Short Blades
  2958 | D:2      | Reached skill level 8 in Stealth
  2958 | D:2      | Reached XP level 6. HP: 28/28 MP: 11/11
  2965 | D:2      | Learned a level 3 spell: Tukima's Dance
  4500 | D:3      | Noticed a water moccasin
  4516 | D:3      | Killed a water moccasin
  4516 | D:3      | Reached skill level 5 in Hexes
  4516 | D:3      | Reached XP level 7. HP: 28/32 MP: 9/14
  5158 | D:4      | Reached skill level 1 in Evocations
  5283 | D:4      | Found a hide-covered altar of Uskayaw.
  5283 | D:4      | Found a basalt altar of Yredelemnul.
  5316 | D:4      | Reached skill level 1 in Fighting
  5335 | D:4      | Found a bloodstained altar of Trog.
  5338 | D:4      | Found a glowing golden altar of the Shining One.
  5339 | D:4      | Found a sacrificial altar of Ru.
  5339 | D:4      | Found a snail-covered altar of Cheibriados.
  5339 | D:4      | Found a shadowy altar of Dithmenos.
  5343 | D:4      | Found an iron altar of Okawaru.
  5345 | D:4      | Found an ancient bone altar of Kikubaaqudgha.
  5354 | D:4      | Became a worshipper of Dithmenos the Shadowed
  5432 | D:4      | Found Afun's Antique Armour Shop.
  5598 | D:4      | Learned a level 3 spell: Dazzling Flash
  5601 | D:4      | Learned a level 2 spell: Slow
  5609 | D:5      | Entered Level 5 of the Dungeon
  5616 | D:5      | Found a stormy altar of Qazlal.
  5627 | D:5      | Found a sacrificial altar of Ru.
  5666 | D:5      | Found a glowing drain.
  5684 | Sewer    | Entered a sewer
  5726 | Sewer    | Reached XP level 8. HP: 39/39 MP: 10/15
  6092 | D:5      | Reached * piety under Dithmenos
  6099 | D:5      | Reached skill level 5 in Dodging
  6413 | D:5      | Found a staircase to the Ecumenical Temple.
  6994 | D:5      | Learned a level 2 spell: Blink
  7002 | D:6      | Noticed Edmund
  7026 | D:6      | Killed Edmund
  7095 | D:5      | Reached skill level 5 in Spellcasting
  7121 | D:5      | HP: 1/39 [poisoned by a killer bee]
  7926 | D:6      | Reached XP level 9. HP: 34/44 MP: 4/19
  8123 | D:6      | Learned a level 1 spell: Magic Dart
  8127 | D:6      | Learned a level 3 spell: Mephitic Cloud
  8623 | D:7      | Found Aluetedd's Weapon Boutique.
  8897 | D:8      | Noticed Pikel
  8905 | D:8      | Killed Pikel
  8905 | D:8      | Reached skill level 9 in Stealth
  9189 | D:8      | Reached ** piety under Dithmenos
  9277 | D:8      | Found a runed translucent door.
  9278 | D:8      | Noticed a yaktaur captain
  9279 | D:8      | Noticed emiel's ghost (journeyman HuTm)
  9317 | D:8      | Reached skill level 10 in Stealth
  9820 | D:9      | Found a flagged portal.
  9837 | Bailey   | Entered a bailey
 10021 | Bailey   | Reached skill level 11 in Stealth
 10108 | Bailey   | Reached *** piety under Dithmenos
 10517 | Bailey   | Reached XP level 10. HP: 47/49 MP: 17/20
 10651 | Bailey   | Reached skill level 12 in Stealth
 10653 | Bailey   | Noticed an orc knight
 10662 | Bailey   | Noticed an orc knight
 10753 | Bailey   | Noticed an orc warlord
 10811 | Bailey   | Reached skill level 1 in Invocations
 10950 | Bailey   | Killed an orc knight
 11020 | Bailey   | Killed an orc knight
 11020 | Bailey   | Reached skill level 1 in Conjurations
 11037 | Bailey   | Killed an orc warlord
 11037 | Bailey   | Reached **** piety under Dithmenos
 11037 | Bailey   | Reached skill level 5 in Evocations
 11329 | Bailey   | Identified a scroll of acquirement
 11332 | Bailey   | Reached skill level 10 in Dodging
 11332 | Bailey   | Reached skill level 13 in Stealth
 11332 | Bailey   | Reached XP level 11. HP: 54/54 MP: 21/21
 11333 | Bailey   | Acquired the +0 hat "Anecel" {Rampage rN+ Int+2}
 11367 | D:9      | You fall into a shaft and drop 2 floors!
 11539 | D:10     | Entered Level 10 of the Dungeon
 11736 | D:9      | Found a staircase to the Lair.
 11798 | D:9      | Noticed a green ugly thing
 11807 | D:9      | Killed a green ugly thing
 11847 | D:9      | Reached XP level 12. HP: 59/59 MP: 22/22
 11936 | D:9      | Reached skill level 5 in Fighting
 12049 | D:9      | Noticed a two-headed ogre
 12050 | D:9      | Killed a two-headed ogre
 12212 | D:9      | Noticed Psyche
 12214 | D:9      | Found a staircase to the Orcish Mines.
 12216 | D:9      | Killed Psyche
 12242 | D:9      | Reached ***** piety under Dithmenos
 12595 | D:10     | Reached skill level 10 in Hexes
 12777 | D:10     | Reached skill level 14 in Stealth
 12988 | D:10     | Reached skill level 10 in Short Blades
 13941 | D:11     | Noticed a boulder beetle
 13946 | D:11     | Killed a boulder beetle
 14338 | Lair:1   | Entered Level 1 of the Lair of Beasts
 14357 | Lair:1   | Noticed a five-headed hydra
 14369 | Lair:1   | Killed a five-headed hydra
 14369 | Lair:1   | Reached skill level 1 in Translocations
 14493 | Lair:1   | Reached skill level 15 in Stealth
 14642 | Lair:1   | Found a gate leading to a gauntlet.
 14648 | Lair:1   | Noticed a seven-headed hydra
 14651 | Gauntlet | Entered a Gauntlet
 14651 | Gauntlet | Found a transporter.
 14660 | Gauntlet | Found a transporter.
 14663 | Gauntlet | Found a transporter.
 14665 | Gauntlet | Found a transporter.
 14672 | Gauntlet | Found a transporter.
 14675 | Gauntlet | Found a transporter.
 14676 | Gauntlet | Found a transporter.
 14683 | Gauntlet | Found a runed translucent door.
 14687 | Gauntlet | Found a transporter.
 14688 | Gauntlet | Found a transporter.
 14691 | Gauntlet | Noticed a hell beast
 14696 | Gauntlet | Found a transporter.
 14696 | Gauntlet | Found a transporter.
 14699 | Gauntlet | Found a transporter.
 14700 | Gauntlet | Found a transporter.
 14702 | Gauntlet | Noticed a blizzard demon
 14709 | Gauntlet | Found a transporter.
 14983 | Gauntlet | Identified the Reference Book on Orientation and the
                  | Entourage
 15131 | Gauntlet | Learned a level 1 spell: Apportation
 15374 | Gauntlet | Noticed a minotaur
 15382 | Gauntlet | Killed a minotaur
 15383 | Gauntlet | Identified Rexism's Reference Book on Companions
 15586 | Lair:1   | Killed a seven-headed hydra
 15952 | Lair:2   | You fall into a shaft and drop 2 floors!
 16041 | Lair:4   | Reached XP level 13. HP: 65/65 MP: 15/23
 16575 | Lair:2   | Reached skill level 15 in Dodging
 16598 | Lair:2   | Got an ominously black robe
 16646 | Lair:1   | Identified the +2 robe of Qoitiareeh {Regen+ rCorr Str-4}
                  | (You found it on level 2 of the Lair of Beasts)
 17092 | Lair:2   | Found a staircase to the Snake Pit.
 17185 | Lair:2   | Reached ****** piety under Dithmenos
 17591 | Lair:2   | Reached skill level 16 in Stealth
 17870 | Lair:3   | Reached skill level 1 in Shields
 19428 | Lair:4   | Found a staircase to the Swamp.
 20441 | Lair:5   | Reached XP level 14. HP: 61/73 MP: 12/24
 20547 | Lair:5   | Found a transporter.
 20649 | Lair:5   | Noticed Rupert
 20676 | Lair:5   | Killed Rupert
 20944 | Lair:5   | Found a transporter.
 21037 | Lair:5   | Found a one-way gate to the infinite horrors of the Abyss.
 21037 | Lair:5   | Noticed raph's ghost (journeyman TrBe)
 21285 | Lair:5   | Learned a level 4 spell: Passage of Golubria
 21318 | Lair:6   | Entered Level 6 of the Lair of Beasts
 21398 | Lair:6   | Found a viscous altar of Jiyva.
 21528 | Lair:6   | Reached skill level 10 in Fighting
 21699 | Lair:6   | Found a staircase to the Slime Pits.
 22220 | Lair:6   | HP: 3/77 [seven-headed hydra (2)]
 22228 | Lair:5   | HP: 2/77 [wolf (8)]
 22230 | Lair:5   | Slain by a wolf

Illustrated notes

Levels and vault maps discovered:
D:1:      mushboom_english_gardens, layout_basic
D:2:      layout_loops_corners, uniq_sigmund, uniq_jessica
D:3:      layout_basic
D:4:      layout_basic, minitemple, serial_shops, shop
D:5:      layout_basic, minmay_temple_entry_glassed_door, basic_altar,
          portal_sewer_entry_a, grunt_qazlal_clouds
D:6:      layout_rooms, abandoned_shop, uniq_edmund
D:7:      lemuel_ice_spiral_2, layout_rooms, serial_shops,
          nicolae_shop_behind_doors
D:8:      layout_basic, ebering_ghost_inner_flame, uniq_pikel
D:9:      minmay_curly_fans, layout_loops_ring, david_lair_generic, david_orc_2,
          enter_bailey_2, uniq_psyche
D:10:     layout_irregular_city
D:11:     layout_gridville
Lair:1:   layout_long_grid, gauntlet_entry_generic
Lair:2:   layout_cave_pods, minmay_snake_entry_guardpost_small
Lair:3:   layout_big_grid
Lair:4:   layout_small_grid, minmay_swamp_entry_reptiles, special_room
          [special_room_mythical_zoo]
Lair:5:   layout_small_grid, gammafunk_ghost_abyssal_escape, minivault_26,
          uniq_rupert
Lair:6:   hangedman_lair_in_review, layout_misc_corridors, slime_altar_1,
          enter_volcano_2, grunt_forest_large_clearings, grunt_megastairs_4,
          lemuel_fruit_fields

Skill      XL: |  1  2  3  4  5  6  7  8  9 10 11 12 13 14 |
---------------+-------------------------------------------+-----
Stealth        | 6 7 8 11 13 15 16 | 16.0
Short Blades   | 2 3 5 8 9 10 | 10.0
Spellcasting   | 4 6 |  6.0
Hexes          | 5 6 7 8 9 10 11 | 11.3
Evocations     | 3 4 6 7 8 |  8.0
Fighting       | 1 3 4 6 8 10 | 10.0
Dodging        | 4 6 8 10 13 15 | 15.0
Invocations    | 4 |  4.0
Conjurations   | 1 2 3 4 |  4.0
Translocations | 4 |  4.0
Shields        | 4 |  4.0

Action                   |  1- 3 |  4- 6 |  7- 9 | 10-12 | 13-15 || total
-------------------------+-------+-------+-------+-------+-------++-------
Melee: Dagger            |    92 |   184 |   388 |   414 |   523 ||  1601
 Cast: Corona            |     6 |     1 |       |       |       ||     7
       Ensorcelled Hiber |    23 |    34 |    73 |    85 |    77 ||   292
       Confusing Touch   |       |     1 |    14 |    29 |    54 ||    98
       Dazzling Flash    |       |       |       |     4 |    32 ||    36
       Blink             |       |       |       |       |     1 ||     1
Evoke: Wand              |       |       |       |     1 |     3 ||     4
       Lightning rod     |       |       |       |     2 |       ||     2
  Use: Scroll            |     2 |     9 |    15 |    16 |     3 ||    45
       Potion            |       |       |       |     2 |     1 ||     3
 Stab: Sleeping          |    19 |    28 |    67 |    90 |    82 ||   286
       Distracted        |       |     1 |     3 |     1 |       ||     5
       Confused          |       |     1 |    15 |    28 |    41 ||    85
       Invisible         |       |       |       |     7 |    33 ||    40
       Petrifying        |       |       |       |       |     3 ||     3
       Petrified         |       |       |       |       |     2 ||     2
Armor: Robe              |     8 |    10 |    17 |     7 |     8 ||    50
Dodge: Dodged            |    51 |   109 |   291 |   260 |   471 ||  1182
Block: Buckler           |       |       |       |       |   126 ||   126

Table legend: (Time is in decaauts)
 A = Elapsed time spent in this place.
 B = Non-inter-level travel time spent in this place.
 C = Inter-level travel time spent in this place.
 D = Time resting spent in this place.
 E = Time spent auto-exploring this place.
 F = Levels seen in this place.
 G = Mean time per level.
                   A        B        C        D        E       F      G
               +--------+--------+--------+--------+--------+-----+--------+
         Total |  17120 |  16612 |    508 |   6730 |   6236 |  20 |  856.0 |
       Dungeon |   9933 |   9697 |    236 |   3748 |   4204 |  11 |  903.0 |
          Lair |   5109 |   4837 |    272 |   1881 |   1726 |   6 |  851.5 |
         Sewer |     92 |     92 |      0 |      0 |     66 |   1 |   92.0 |
        Bailey |   1231 |   1231 |      0 |    651 |    158 |   1 | 1231.0 |
      Gauntlet |    754 |    754 |      0 |    449 |     81 |   1 |  754.0 |
               +--------+--------+--------+--------+--------+-----+--------+

Top non-repeatable levels by time:
     D:2: 1562 daAuts
     D:5: 1556 daAuts
     D:3: 1413 daAuts
  Bailey: 1231 daAuts
  Lair:5: 1226 daAuts
     D:1: 1159 daAuts
  Lair:4: 1139 daAuts
  Lair:2: 1020 daAuts
     D:9: 832 daAuts
  Lair:3: 814 daAuts
Gauntlet: 754 daAuts
    D:10: 730 daAuts
    D:11: 684 daAuts
     D:8: 661 daAuts
     D:6: 652 daAuts
